 Dungeon Crawl Stone Soup version 0.24-a0-380-g7ade4d1b3c (webtiles) character file.

Game seed: 17527956435121626806

15565 HAL9000 the Slicer (level 12, -4/63 HPs)
             Began as a Vine Stalker Assassin on June 2, 2019.
             Was a Follower of Uskayaw.
             Splashed by an oklob plant's acid (16 damage)
             ... on level 1 of the Lair of Beasts on June 3, 2019.
             The game lasted 00:41:29 (12868 turns).

HAL9000 the Slicer (Vine Stalker Assassin)         Turns: 12868, Time: 00:41:30

Health: -4/63      AC:  6    Str: 18    XL:     12   Next: 28%
Magic:  0/22       EV: 14    Int: 12    God:    Uskayaw [*.....]
Gold:   487        SH:  0    Dex: 18    Spells: 24/24 levels left

rFire    . . .     SeeInvis .   u - +2 dagger (venom)
rCold    . . .     Gourm    .   (no shield)
rNeg     . . .     Faith    .   L - +0 scale mail
rPois    .         Spirit   +   v - +0 helmet
rElec    .         Reflect  .   c - +0 cloak
rCorr    .         Harm     .   G - +0 pair of gloves
MR       +....                  (no boots)
Stlth    +++.......             (no amulet)
HPRegen  1.00/turn              n - +4 ring of evasion
MPRegen  0.18/turn              q - +2 ring of strength

@: corroded
A: fangs 3, regeneration 2, magic shield, antimagic bite, no potion heal 3, rot
immunity
a: Stomp, Renounce Religion


You were on level 1 of the Lair of Beasts.
You worshipped Uskayaw.
Uskayaw was aware of your devotion.
You were hungry.

You visited 3 branches of the dungeon, and saw 12 of its levels.

You collected 487 gold pieces.

Inventory:

Hand Weapons
 u - a +2 dagger of venom (weapon)
 F - the +9 mace of Light {elec, Int+3}
   (You found it on level 5 of the Dungeon)

   Occasionally, upon striking a foe, it will discharge some electrical energy
   and cause terrible harm.
   It affects your intelligence (+3).
Missiles
 b - 4 javelins
 d - 38 poisoned darts (quivered)
 e - a boomerang
 z - 3 silver boomerangs
 D - 9 atropa-tipped darts
 K - 3 curare-tipped darts
Armour
 c - a +0 cloak (worn)
 v - a +0 helmet (worn)
 G - a +0 pair of gloves (worn)
 I - the +1 robe of the Boiling Point {Str+4}
   (You found it on level 6 of the Dungeon)

   It affects your strength (+4).
 L - a +0 scale mail (worn)
Jewellery
 n - a +4 ring of evasion (left hand)
 q - a +2 ring of strength (right hand)
 r - an uncursed ring of flight
 A - a +3 ring of intelligence
 B - an uncursed ring of poison resistance
 E - an uncursed ring of magical power
Wands
 a - a wand of disintegration (11)
 h - a wand of random effects (17)
 y - a wand of flame (12)
 J - a wand of enslavement (2)
 M - a wand of clouds (4)
Scrolls
 g - 8 scrolls of remove curse
 k - 3 scrolls of teleportation
 l - 2 scrolls of amnesia {unknown}
 o - a scroll of blinking
 p - 4 scrolls of enchant weapon
 s - a scroll of fear
 t - a scroll of vulnerability {unknown}
 H - 3 scrolls of enchant armour
Potions
 i - 4 potions of curing
 j - 2 potions of agility
 m - 2 potions of lignification
 w - 3 potions of might
 x - 3 potions of haste
 C - 2 potions of heal wounds
 N - a potion of flight
Comestibles
 f - 12 rations


   Skills:
 - Level 7.0 Fighting
 - Level 10.0 Short Blades
 - Level 4.3 Throwing
 + Level 3.9 Armour
 - Level 0.7 Dodging
 - Level 10.0 Stealth
 - Level 6.5 Spellcasting
 - Level 9.5 Invocations


You had 24 spell levels left.
You didn't know any spells.
Your spell library was empty.

Dungeon Overview and Level Annotations

Branches:
Dungeon (10/15)            Temple (1/1) D:6            Lair (1/6) D:10
    Orc: D:9-12

Altars:
Ashenzari
Cheibriados
Dithmenos
Elyvilon
Fedhas
Gozag
Hepliaklqana
Kikubaaqudgha
Makhleb
Nemelex Xobeh
Okawaru
Qazlal
Ru
Sif Muna
Trog
Uskayaw
Vehumet
Wu Jian
Xom
Yredelemnul
Zin
The Shining One

Shops:
D:9 !

Annotations:
Lair:1 exclusion: 3 oklob plants


Innate Abilities, Weirdness & Mutations

You have razor-sharp teeth.
You heal very quickly.
When hurt, damage is shared between your health and your magic reserves.
Your bite disrupts and absorbs the magic of your enemies.
Potions cannot restore your health.
You are immune to rotting.


Message History

Evoke which item? (* to show all) (? for menu, Esc to quit)
Aiming: Throw Flame
Press: ? - help, Shift-Dir - straight line, f/p - oklob plant
Aim: an oklob plant (heavily damaged)
The puff of flame hits the oklob plant!
The oklob plant is heavily damaged.
Unknown command.
Evoke which item? (* to show all) (? for menu, Esc to quit)
Okay, then.
Evoke which item? (* to show all) (? for menu, Esc to quit)
Aiming: Throw Flame
Press: ? - help, Shift-Dir - straight line, f/p - oklob plant
Aim: an oklob plant (heavily damaged)
The puff of flame hits the oklob plant.
The oklob plant is severely damaged.
The oklob plant spits acid at you. The splash of acid hits you!
* * * LOW HITPOINT WARNING * * *
You are splashed with acid!!
You die...

.......................#####..#
......................## #..#
###...##########......# ##..#
..#...# #PPPPPP#.....[# #...#
..#...# #≈§≈≈≈≈#......# ##..#
>.#...# #≈....≈#......# #..###
......# #......#......# #.....
......# .......#......# ##.(...
..#...# .......'@.....# #....(#
......# .^.....#.####.######....#
..P...# #......#.P..#...........#
......# #≈....≈#.'..#...........#
..#...# #≈≈≈≈≈≈#.#..#...........+
..#...# #PPPPPP#.#..#...........#
.##...##########.#..#.PP###......
.................#..#.### #......
.................#..#.# #......


You could see an oklob plant.

Vanquished Creatures
  Fannar (D:10)
  A hydra (Lair:1)
  4 two-headed ogres
  Pikel (D:5)
  A deep elf mage (D:7)
  A black mamba (Lair:1)
  3 spiny frogs (Lair:1)
  A rime drake (Lair:1)
  A komodo dragon (Lair:1)
  A queen bee (D:7)
  Grinder (D:6)
  Prince Ribbit (D:6)
  2 hippogriffs
  5 yaks (D:9)
  A hungry ghost (D:10)
  Grum (Lair:1)
  Menkaure (D:6)
  Edmund (D:5)
  A water moccasin (Lair:1)
  5 orc warriors
  3 slaves (D:4)
  3 sky beasts
  2 phantoms
  3 ice beasts
  5 ogres
  A black bear (D:9)
  3 wolves
  2 centaurs
  2 crocodiles (Lair:1)
  4 big kobolds
  6 bullfrogs
  A gnoll sergeant (D:10)
  6 scorpions
  33 killer bees
  A howler monkey (D:5)
  3 jellies
  5 crimson imps
  2 quasits
  5 hounds
  19 orc wizards
  4 bullfrog skeletons
  10 orc priests
  A centaur skeleton (D:6)
  Crazy Yiuf (D:5)
  6 worker ants
  2 iguanas
  A killer bee zombie (D:5)
  Robin (D:2)
  12 gnolls
  14 adders
  2 adder zombies (D:9)
  2 worms (D:2)
  2 dart slugs
  3 leopard geckos
  36 orcs
  5 bats
  3 giant cockroaches
  15 goblins
  7 hobgoblins
  17 jackals
  3 quokkas
  A ball python (D:1)
  2 frilled lizards
  23 kobolds
  A leopard gecko skeleton (D:8)
  A quokka skeleton (D:5)
  6 rats
  A plant (D:10)
325 creatures vanquished.

Vanquished Creatures (others)
  2 fungi (Lair:1)
2 creatures vanquished.

Grand Total: 327 creatures vanquished

Notes
Turn   | Place    | Note
-------+----------+-------------------------------------------
     0 | D:1      | HAL9000 the Vine Stalker Assassin began the quest for the
                  | Orb.
     0 | D:1      | Reached XP level 1. HP: 11/11 MP: 2/2
   389 | D:1      | Reached XP level 2. HP: 15/15 MP: 3/3
   723 | D:1      | Reached XP level 3. HP: 18/18 MP: 4/4
  1801 | D:2      | Gained mutation: Your natural rate of healing is unusually
                  | fast. [Vine Stalker growth]
  1801 | D:2      | Reached XP level 4. HP: 21/23 MP: 5/5
  1917 | D:2      | Found a sacrificial altar of Ru.
  2116 | D:2      | Found a bloodstained altar of Trog.
  2329 | D:1      | Reached XP level 5. HP: 14/26 MP: 2/6
  2529 | D:2      | Noticed Robin
  2536 | D:2      | Killed Robin
  2536 | D:2      | Reached skill level 5 in Short Blades
  2781 | D:3      | Found a radiant altar of Vehumet.
  2800 | D:3      | Found a burning altar of Makhleb.
  2802 | D:3      | Found a glowing silver altar of Zin.
  2802 | D:3      | Noticed an angel
  2802 | D:3      | Noticed a green death
  2881 | D:3      | Found a stormy altar of Qazlal.
  2907 | D:3      | Found a burning altar of Makhleb.
  2907 | D:3      | Noticed an Executioner
  2910 | D:3      | Noticed a smoke demon
  2910 | D:3      | Noticed a neqoxec
  2970 | D:3      | Found an opulent altar of Gozag.
  3133 | D:3      | Found a shimmering altar of Xom.
  3381 | D:4      | Reached XP level 6. HP: 30/30 MP: 7/7
  4412 | D:5      | Entered Level 5 of the Dungeon
  4418 | D:5      | Noticed a slave
  4535 | D:5      | Reached XP level 7. HP: 31/34 MP: 8/8
  4777 | D:5      | Noticed Pikel
  5085 | D:5      | Killed Pikel
  5085 | D:5      | Gained mutation: You have razor-sharp teeth. [Vine Stalker
                  | growth]
  5085 | D:5      | Reached XP level 8. HP: 35/38 MP: 4/9
  5462 | D:5      | Found a runed translucent door.
  5463 | D:5      | Noticed Crazy Yiuf
  5497 | D:5      | Killed Crazy Yiuf
  5504 | D:5      | Got an ichor-stained mace
  5505 | D:5      | Identified the +9 mace of Light {elec, Int+3} (You found it
                  | on level 5 of the Dungeon)
  5613 | D:6      | Noticed Prince Ribbit
  5633 | D:5      | Reached skill level 10 in Short Blades
  5678 | D:6      | Killed Prince Ribbit
  5678 | D:6      | Reached XP level 9. HP: 20/42 MP: 6/10
  5915 | D:6      | Found a staircase to the Ecumenical Temple.
  5930 | D:6      | Noticed Edmund
  5943 | Temple   | Entered the Ecumenical Temple
  6211 | Temple   | Became a worshipper of Uskayaw the Reveler
  6246 | D:5      | Reached * piety under Uskayaw
  6251 | D:5      | Killed Edmund
  6309 | D:6      | Noticed Menkaure
  6319 | D:6      | Reached ** piety under Uskayaw
  6326 | D:6      | Killed Menkaure
  6441 | D:6      | Reached *** piety under Uskayaw
  6520 | D:5      | Reached skill level 10 in Stealth
  6602 | D:6      | Reached skill level 1 in Spellcasting
  6673 | D:6      | Noticed Grinder
  6681 | D:6      | Got a thick robe
  6697 | D:6      | Identified the +1 robe of the Boiling Point {Str+4} (You
                  | found it on level 6 of the Dungeon)
  6710 | D:6      | Killed Grinder
  7085 | D:7      | Found a glowing golden altar of the Shining One.
  7387 | D:7      | Reached skill level 5 in Spellcasting
  7387 | D:7      | Reached XP level 10. HP: 46/46 MP: 18/18
  7549 | D:7      | Noticed a deep elf mage
  7736 | D:7      | Found a shattered altar of Ashenzari.
  7782 | D:7      | Killed a deep elf mage
  8566 | D:8      | Noticed a two-headed ogre
  8652 | D:7      | Killed a two-headed ogre
  8652 | D:7      | Reached skill level 5 in Fighting
  8876 | D:8      | Noticed a two-headed ogre
  9141 | D:8      | Killed a two-headed ogre
  9141 | D:8      | Reached XP level 11. HP: 58/58 MP: 21/21
  9324 | D:8      | Found a hazy altar of Hepliaklqana.
  9558 | D:9      | Noticed a two-headed ogre
  9580 | D:9      | Reached skill level 5 in Invocations
  9695 | D:9      | Reached **** piety under Uskayaw
  9946 | D:9      | Found a shadowy altar of Dithmenos.
 10238 | D:9      | Found an iron altar of Okawaru.
 10410 | D:9      | Found Xejixaxt's Distillery.
 10729 | D:9      | Killed a two-headed ogre
 10794 | D:10     | Entered Level 10 of the Dungeon
 10794 | D:10     | Noticed Fannar
 10800 | D:10     | Killed Fannar
 10811 | D:10     | Found a sacrificial altar of Ru.
 11176 | D:10     | Noticed a two-headed ogre
 11192 | D:10     | Killed a two-headed ogre
 11289 | D:10     | Found a staircase to the Lair.
 11676 | Lair:1   | Entered Level 1 of the Lair of Beasts
 11686 | Lair:1   | Noticed Grum
 11744 | Lair:1   | Gained mutation: You heal very quickly. [Vine Stalker
                  | growth]
 11744 | Lair:1   | Reached XP level 12. HP: 49/63 MP: 16/22
 11793 | Lair:1   | Noticed a five-headed hydra
 12205 | Lair:1   | Killed a five-headed hydra
 12282 | Lair:1   | Killed Grum
 12785 | Lair:1   | Upgraded the game from 0.24-a0-378-g94936e539c to
                  | 0.24-a0-380-g7ade4d1b3c
 12868 | Lair:1   | Splashed by an oklob plant's acid

Levels and vault maps discovered:
D:1:      psy_arrival_radial02, layout_basic
D:2:      layout_loops_cross, old_standard_altar, lemuel_round_altar, uniq_robin
D:3:      layout_basic, grunt_temple_overflow_order_and_chaos_2,
          grunt_qazlal_clouds, grunt_gozag_statues, old_standard_altar,
          old_standard_altar, serial_glass, glass_columns_c, glass_columns_a,
          glass_columns_a, glass_columns_a, glass_columns_a, glass_columns_a,
          first_ration, makhleb_altar_promises_db
D:4:      kennysheep_spiral_hall, layout_loops_ring, grunt_decor_fettered,
          abandoned_shop, hangedman_decor_push, hangedman_decor_points
D:5:      layout_rooms, serial_bayou_crossing, uniq_pikel,
          uniq_crazy_yiuf_cottage
D:6:      cheibrodos_quashed, layout_basic, minmay_temple_entry_stoned_glass,
          serial_rivers, chequers_serial_rivers_room_b,
          chequers_serial_rivers_micro_e, chequers_serial_rivers_room_a,
          chequers_serial_rivers_marsh, chequers_serial_rivers_micro_e,
          chequers_serial_rivers_small_a, uniq_grinder, uniq_edmund,
          uniq_prince_ribbit1, uniq_menkaure
D:7:      layout_basic, lemuel_coloured_pillars_altar, lemuel_doored_altar
D:8:      layout_rooms, kennysheep_mini, david_nohive_1
D:9:      layout_rooms, okawaru_gym_becter, nicolae_overflow_hidden_temple,
          serial_shops, kennysheep_little_box
D:10:     minmay_stone_box, layout_cave_pools, dpeg_oklobed_lair, basic_altar,
          kennysheep_crisscross, uniq_fannar
Temple:   compressed_dpeg_triangle_lava_temple
Lair:1:   dpeg_oklob_gauntlet, layout_chaotic_city, uniq_grum

Skill      XL: |  1  2  3  4  5  6  7  8  9 10 11 12 |
---------------+-------------------------------------+-----
Short Blades   | 2 3 4 5 6 9 10 | 10.0
Stealth        | 6 10 | 10.0
Spellcasting   | 5 6 |  6.5
Fighting       | 7 |  7.0
Invocations    | 3 9 |  9.5
Throwing       | 3 4 |  4.3
Armour         | 3 |  3.9
Dodging        | |  0.7

Action                   |  1- 3 |  4- 6 |  7- 9 | 10-12 || total
-------------------------+-------+-------+-------+-------++-------
Melee: Dagger            |    90 |   228 |   353 |   677 ||  1348
       Bite              |    22 |    69 |   133 |   261 ||   485
Throw: Dart              |       |     1 |    18 |    88 ||   107
       Boomerang         |       |       |     2 |       ||     2
       Throwing net      |       |       |       |     1 ||     1
       Javelin           |       |       |       |     1 ||     1
Invok: Stomp             |       |       |       |     1 ||     1
Evoke: Wand              |       |       |       |    12 ||    12
  Use: Scroll            |       |     1 |       |    20 ||    21
       Potion            |       |       |       |     1 ||     1
 Stab: Sleeping          |     7 |     5 |     3 |    12 ||    27
       Distracted        |       |     1 |     1 |     2 ||     4
       Paralysed         |       |       |     2 |    13 ||    15
       Held in net/web   |       |       |       |     1 ||     1
       Invisible         |       |       |       |     4 ||     4
  Eat: Chunk             |     2 |     9 |    10 |    11 ||    32
       Ration            |       |       |       |     2 ||     2
Armor: Robe              |    11 |    18 |     7 |    81 ||   117
       Leather armour    |       |    12 |    29 |       ||    41
       Scale mail        |       |       |       |     3 ||     3
Dodge: Dodged            |    56 |   141 |   160 |   374 ||   731

Table legend:
 A = Non-vault XP
 B = Vault XP
 C = Vault XP percentage of total XP
 D = Non-vault monster count
 E = Vault monster count
 F = Vault count percentage of total count
                 A         B        C        D         E       F
            +---------+---------+-------+---------+---------+-------
      Total |   17909 |    4328 |  19.5 |     284 |      37 |  11.5
            +---------+---------+-------+---------+---------+-------
        D:1 |      71 |       0 |   0.0 |      32 |       0 |   0.0
        D:2 |     131 |      32 |  19.6 |      24 |      10 |  29.4
        D:3 |       9 |       0 |   0.0 |       5 |       0 |   0.0
        D:4 |     274 |      13 |   4.5 |      26 |       1 |   3.7
        D:5 |     992 |     868 |  46.7 |      21 |       3 |  12.5
        D:6 |    1053 |     715 |  40.4 |      23 |       3 |  11.5
        D:7 |    2706 |     539 |  16.6 |      32 |       5 |  13.5
        D:8 |    2260 |     617 |  21.4 |      31 |      10 |  24.4
        D:9 |    4008 |       0 |   0.0 |      43 |       0 |   0.0
       D:10 |    2660 |    1241 |  31.8 |      37 |       3 |   7.5
     Lair:1 |    3745 |     303 |   7.5 |      10 |       2 |  16.7
            +---------+---------+-------+---------+---------+-------
